Warning! The script has encountered some errors when parsing the replay. Please report them to the . » details
0x00, prev: 0x16: 16 02 01 00 B4 44 00 00 A8 C4 00 00 [00] 00 00 00 00 00 00 00 00 00 00 00 00 00 00 00 00 00 00 00 00 00 00 00 00 00
0x00, prev: 0x00: 16 02 01 00 B4 44 00 00 A8 C4 00 00 00 00 00 00 00 00 00 00 00 00 00 00 00 00 00 00 00 00 00 00 00 00 00 00 [00] 00
0x00, prev: 0x01: 16 02 01 00 54 4A 00 00 65 AE 00 00 00 00 00 00 00 00 00 00 00 00 00 00 00 00 00 00 00 00 00 00 00 00 00 00 01 [00] 06 0F 00 10 40 00 64 70 73 62 FF FF FF FF FF FF FF FF
0x00, prev: 0x02: 16 02 01 00 BF 5B 00 00 40 A5 02 00 00 00 00 00 00 00 00 00 00 00 00 00 00 00 00 00 00 00 00 00 00 00 00 00 02 [00]
0x00, prev: 0x04: 16 02 01 00 4E 0A 00 00 D4 CF 04 00 00 00 00 00 00 00 00 00 00 00 00 00 00 00 00 00 00 00 00 00 00 00 00 00 04 [00]
0x00, prev: 0x05: 16 02 0A 00 18 22 00 00 96 A7 00 00 23 40 00 00 9B C1 00 00 26 43 00 00 B3 02 01 00 C4 43 00 00 FB 84 02 00 69 53 00 00 BB CC 00 00 09 54 00 00 D4 E2 00 00 B4 56 00 00 A8 03 01 00 1F 59 00 00 54 88 01 00 94 5A 00 00 16 5A 02 00 E6 5D 00 00 DE 64 05 00 00 00 00 00 00 00 00 00 00 00 00 00 00 00 00 00 00 00 00 00 00 00 00 00 05 [00]
0x08, prev: 0x00: 16 02 01 00 E9 40 00 00 4A A9 00 00 00 00 00 00 00 00 00 00 00 00 00 00 00 00 00 00 00 00 00 00 00 00 00 00 [08] 00
0x0A, prev: 0x00: 16 02 01 00 B4 44 00 00 A8 C4 00 00 00 00 00 00 00 00 00 00 00 00 00 00 00 00 00 00 00 00 00 00 00 00 00 00 [0A] 00 02 26 00 16 02 01 00 C0 3F 00 00 CA AB 00 00 16 01 01 00 6D 45 00 00 BE CF 0A 00 1A 19 77 74 77 68 6D 45 00 00 BE CF 0A 00
General information
- name: BNet
- type: Ladder team game (AT/RT)
- host: Battle.net
- saver: braveharts
map: Highperch
- players: 6
- length: 47:32
- speed: Fast
- version: 1.23 W3XP
- replay type: Public
» download(212 KB)
Players
team 1 (loser)
BaLLinATL (
orange | 54 APM | 1189 actions | 22:08)
3 Death Knight
1 Death Coil
2 Unholy Aura
1 Pit Lord
1 Rain of Fire
» actions
| Assign group hotkey | 3 | |
| Basic commands | 48 | |
| Build / train | 75 | |
| Enter build submenu | 19 | |
| Enter hero's abilities submenu | 4 | |
| Remove unit from queue | 3 | |
| Right click | 560 | |
| Select / deselect | 391 | |
| Select group hotkey | 19 | |
| Use ability | 67 | |
1189 total
» units
| Acolyte | 8 | |
| Ghoul | 4 | |
| Crypt Fiend | 4 | |
| Meatwagon | 9 | |
| Necromancer | 18 | |
| Frost Wyrm | 1 | |
44 total
» upgrades
| Exhume Corpses | 1 | |
| Skeletal Longevity | 1 | |
| Necromancer Training | 2 | |
| Web | 1 | |
| Skeletal Mastery | 1 | |
| Freezing Breath | 0 | |
6 total
» buildings
| Graveyard | 1 | |
| Crypt | 1 | |
| Altar of Darkness | 1 | |
| Ziggurat | 13 | |
| Tomb of Relics | 1 | |
| Halls of the Dead | 1 | |
| Slaughterhouse | 1 | |
| Temple of the Damned | 1 | |
| Necropolis | 1 | |
| Spirit Tower | 8 | |
| Sacrificial Pit | 1 | |
| Black Citadel | 2 | |
| Boneyard | 2 | |
34 total
» build order
00:12 Graveyard
00:24 Crypt
00:28 Altar of Darkness
00:42 Ziggurat
01:02 Tomb of Relics
03:08 Ziggurat
04:02 Halls of the Dead
06:41 Slaughterhouse
06:43 Temple of the Damned
06:45 Ziggurat
06:46 Ziggurat
06:47 Ziggurat
07:42 Necropolis
08:35 Spirit Tower
08:36 Spirit Tower
09:41 Ziggurat
09:49 Sacrificial Pit
09:53 Ziggurat
09:54 Ziggurat
09:55 Ziggurat
09:55 Ziggurat
12:10 Black Citadel
12:11 Black Citadel
12:53 Spirit Tower
12:55 Ziggurat
12:55 Ziggurat
13:09 Spirit Tower
» items
| Rod of Necromancy | 2 | |
| Potion of Lesser Invulnerability | 1 | |
3 total
CeLeBoRn. (
teal | 80 APM | 1771 actions | 22:04)
3 Demon Hunter
2 Mana Burn
1 Evasion
2 Naga Sea Witch
1 Frost Arrows
1 Forked Lightning
» actions
| Assign group hotkey | 1 | |
| Basic commands | 6 | |
| Build / train | 95 | |
| Enter build submenu | 50 | |
| Enter hero's abilities submenu | 6 | |
| Right click | 1055 | |
| Select / deselect | 456 | |
| Use ability | 102 | |
1771 total
» units
| Wisp | 42 | |
| Archer | 15 | |
| Druid of the Talon | 7 | |
| Chimaera | 7 | |
| Glaive Thrower | 1 | |
72 total
» upgrades
| Strength of the Wild | 2 | |
| Reinforced Hides | 1 | |
| Corrosive Breath | 1 | |
| Druid of the Talon Training | 1 | |
5 total
» buildings
| Altar of Elders | 1 | |
| Moon Well | 8 | |
| Ancient of War | 1 | |
| Ancient of Wonders | 1 | |
| Hunter's Hall | 1 | |
| Tree of Ages | 2 | |
| Tree of Life | 1 | |
| Tree of Eternity | 2 | |
| Ancient of Wind | 2 | |
| Ancient Protector | 27 | |
| Chimaera Roost | 4 | |
50 total
» build order
00:06 Altar of Elders
00:24 Moon Well
01:24 Ancient of War
01:41 Moon Well
02:05 Ancient of Wonders
03:53 Hunter's Hall
03:56 Tree of Ages
03:56 Tree of Ages
05:03 Moon Well
05:28 Moon Well
06:06 Tree of Life
06:30 Moon Well
07:21 Tree of Eternity
07:55 Ancient of Wind
08:03 Ancient of Wind
08:22 Ancient Protector
08:24 Ancient Protector
08:40 Ancient Protector
08:54 Ancient Protector
09:02 Ancient Protector
09:11 Ancient Protector
09:41 Ancient Protector
10:52 Chimaera Roost
10:53 Chimaera Roost
11:49 Chimaera Roost
12:07 Ancient Protector
12:08 Ancient Protector
13:09 Ancient Protector
» items
| Scroll of Town Portal | 4 | |
| Orb of Venom | 1 | |
| Staff of Teleportation | 1 | |
6 total
ShEsJuStALaDy (
red | 36 APM | 1349 actions | 37:32)
3 Blademaster
2 Wind Walk
1 Critical Strike
» actions
| Build / train | 63 | |
| Enter build submenu | 38 | |
| Enter hero's abilities submenu | 3 | |
| Give item / drop item | 1 | |
| Right click | 694 | |
| Select / deselect | 469 | |
| Use ability | 81 | |
1349 total
» units
| Peon | 10 | |
| Grunt | 4 | |
| Demolisher | 12 | |
| Shaman | 2 | |
| Troll Batrider | 19 | |
| Troll Witch Doctor | 1 | |
48 total
» upgrades
| Shaman Training | 2 | |
| Burning Oil | 1 | |
| Liquid Fire | 1 | |
| Witch Doctor Training | 1 | |
5 total
» buildings
| Altar of Storms | 1 | |
| Orc Burrow | 6 | |
| Barracks | 1 | |
| Voodoo Lounge | 1 | |
| War Mill | 1 | |
| Stronghold | 1 | |
| Fortress | 1 | |
| Spirit Lodge | 1 | |
| Beastiary | 2 | |
| Watch Tower | 19 | |
34 total
» build order
00:05 Altar of Storms
00:07 Orc Burrow
01:07 Barracks
01:32 Orc Burrow
02:16 Voodoo Lounge
03:23 War Mill
03:41 Stronghold
04:48 Orc Burrow
06:05 Fortress
06:45 Spirit Lodge
07:03 Orc Burrow
08:07 Beastiary
08:13 Beastiary
08:52 Watch Tower
09:28 Watch Tower
09:41 Orc Burrow
11:17 Watch Tower
12:10 Watch Tower
12:40 Watch Tower
13:09 Watch Tower
25:29 Watch Tower
25:31 Watch Tower
25:35 Watch Tower
25:40 Watch Tower
25:44 Watch Tower
25:47 Watch Tower
26:14 Watch Tower
26:21 Watch Tower
26:54 Watch Tower
26:58 Watch Tower
27:04 Watch Tower
» items
| Healing Salve | 1 | |
| Orb of Lightning | 1 | |
| Tiny Great Hall | 1 | |
3 total
team 2 (winner)
8.314 (
yellow | 52 APM | 1940 actions | 37:32)
5 Mountain King
3 Storm Bolt
2 Bash
3 Archmage
2 Blizzard
1 Brilliance Aura
1 Blademaster
1 Critical Strike
» actions
| Assign group hotkey | 37 | |
| Basic commands | 66 | |
| Build / train | 234 | |
| Enter build submenu | 79 | |
| Enter hero's abilities submenu | 10 | |
| Right click | 526 | |
| Select / deselect | 615 | |
| Select group hotkey | 161 | |
| Use ability | 212 | |
1940 total
» units
| Peasant | 20 | |
| Mortar Team | 12 | |
| Flying Machine | 2 | |
| Sorceress | 2 | |
| Priest | 1 | |
| Siege Engine | 4 | |
| Dragonhawk Rider | 6 | |
47 total
» upgrades
| Masonry | 3 | |
| Lumber Harvesting | 2 | |
| Flare | 1 | |
| Swords | 3 | |
| Magic Sentry | 1 | |
| Gunpowder | 2 | |
| Fragmentation Shards | 1 | |
| Cloud | 1 | |
| Barrage | 1 | |
| Sorceress Training | 1 | |
| Priest Training | 1 | |
| Animal War Training | 1 | |
| Armor | 2 | |
| Plating | 2 | |
| Flak Cannons | 1 | |
| Flying Machine Bombs | 1 | |
24 total
» buildings
| Altar of Kings | 1 | |
| Farm | 13 | |
| Lumber Mill | 1 | |
| Scout Tower | 75 | |
| Arcane Tower | 10 | |
| Guard Tower | 91 | |
| Keep | 4 | |
| Blacksmith | 2 | |
| Town Hall | 2 | |
| Workshop | 3 | |
| Arcane Vault | 2 | |
| Castle | 4 | |
| Gryphon Aviary | 2 | |
| Arcane Sanctum | 3 | |
| Barracks | 1 | |
| Cannon Tower | 2 | |
216 total
» build order
00:12 Altar of Kings
00:16 Farm
00:59 Lumber Mill
01:32 Farm
01:38 Scout Tower
01:50 Scout Tower
01:53 Scout Tower
01:54 Scout Tower
02:02 Scout Tower
02:04 Scout Tower
02:26 Arcane Tower
02:26 Guard Tower
02:27 Guard Tower
02:27 Guard Tower
02:43 Scout Tower
02:55 Guard Tower
03:00 Scout Tower
03:01 Scout Tower
03:02 Scout Tower
03:03 Scout Tower
03:04 Guard Tower
03:06 Scout Tower
03:07 Scout Tower
03:15 Arcane Tower
03:18 Scout Tower
03:23 Scout Tower
03:32 Guard Tower
03:32 Guard Tower
03:32 Guard Tower
03:47 Guard Tower
03:47 Guard Tower
03:48 Guard Tower
03:50 Guard Tower
03:50 Guard Tower
03:51 Guard Tower
03:53 Guard Tower
03:53 Guard Tower
03:53 Guard Tower
04:29 Guard Tower
04:29 Guard Tower
04:36 Scout Tower
04:38 Scout Tower
04:39 Scout Tower
04:40 Scout Tower
04:42 Scout Tower
04:43 Scout Tower
04:44 Scout Tower
04:47 Guard Tower
04:49 Scout Tower
04:50 Scout Tower
04:52 Scout Tower
04:55 Scout Tower
04:59 Scout Tower
05:04 Scout Tower
05:08 Guard Tower
05:22 Keep
05:22 Keep
05:22 Keep
05:28 Blacksmith
05:31 Guard Tower
05:32 Guard Tower
05:32 Guard Tower
05:37 Farm
05:38 Farm
05:44 Farm
05:48 Scout Tower
05:51 Scout Tower
05:55 Scout Tower
06:04 Scout Tower
06:05 Scout Tower
06:09 Scout Tower
06:18 Town Hall
06:21 Town Hall
06:26 Guard Tower
06:26 Guard Tower
06:26 Guard Tower
06:32 Guard Tower
06:33 Guard Tower
06:33 Guard Tower
06:33 Guard Tower
07:00 Guard Tower
07:01 Guard Tower
07:04 Guard Tower
07:04 Guard Tower
07:04 Guard Tower
07:08 Scout Tower
07:08 Scout Tower
07:18 Guard Tower
07:18 Guard Tower
07:18 Guard Tower
07:19 Guard Tower
07:20 Guard Tower
07:20 Guard Tower
07:23 Guard Tower
07:24 Guard Tower
07:24 Guard Tower
07:24 Guard Tower
07:28 Guard Tower
07:28 Guard Tower
07:28 Guard Tower
07:45 Workshop
07:47 Workshop
08:03 Workshop
08:06 Farm
08:13 Arcane Vault
09:01 Castle
09:01 Castle
09:01 Castle
09:09 Arcane Vault
09:41 Arcane Sanctum
11:49 Blacksmith
12:14 Farm
12:21 Barracks
12:24 Farm
13:09 Farm
20:25 Guard Tower
23:09 Scout Tower
23:10 Scout Tower
23:12 Scout Tower
23:13 Scout Tower
23:20 Scout Tower
23:22 Scout Tower
23:23 Scout Tower
23:25 Scout Tower
23:26 Scout Tower
23:29 Scout Tower
23:32 Scout Tower
23:33 Scout Tower
23:35 Scout Tower
23:40 Guard Tower
24:09 Scout Tower
24:10 Scout Tower
24:13 Scout Tower
24:15 Scout Tower
24:16 Scout Tower
24:18 Scout Tower
24:20 Scout Tower
24:22 Scout Tower
24:25 Scout Tower
24:26 Scout Tower
24:27 Scout Tower
24:30 Scout Tower
24:32 Guard Tower
24:49 Guard Tower
25:03 Arcane Tower
25:04 Arcane Tower
25:06 Arcane Tower
25:06 Guard Tower
25:17 Scout Tower
25:25 Scout Tower
25:29 Scout Tower
25:34 Scout Tower
25:37 Scout Tower
25:38 Scout Tower
25:42 Scout Tower
25:43 Scout Tower
25:48 Scout Tower
25:49 Scout Tower
25:50 Scout Tower
25:51 Scout Tower
25:54 Guard Tower
25:55 Guard Tower
25:59 Guard Tower
25:59 Guard Tower
26:30 Guard Tower
26:31 Guard Tower
26:33 Guard Tower
26:37 Arcane Tower
26:46 Arcane Tower
27:02 Guard Tower
27:07 Guard Tower
27:10 Arcane Tower
27:10 Arcane Tower
27:10 Arcane Tower
» items
| Lesser Clarity Potion | 1 | |
| Ivory Tower | 11 | |
| Boots of Speed | 1 | |
| Staff of Teleportation | 1 | |
| Mechanical Critter | 8 | |
| Tiny Great Hall | 2 | |
| Orb of Lightning | 2 | |
| Scroll of Town Portal | 1 | |
27 total
braveharts (
purple | 49 APM | 1859 actions | 37:34)
5 Warden
2 Shadow Strike
3 Blink
3 Blademaster
3 Mirror Image
» actions
| Assign group hotkey | 37 | |
| Basic commands | 18 | |
| Build / train | 92 | |
| ESC pressed | 15 | |
| Enter build submenu | 15 | |
| Enter hero's abilities submenu | 10 | |
| Give item / drop item | 4 | |
| Right click | 809 | |
| Select / deselect | 232 | |
| Select group hotkey | 506 | |
| Use ability | 121 | |
1859 total
» units
| Wisp | 23 | |
| Druid of the Talon | 13 | |
| Chimaera | 1 | |
| Troll Batrider | 2 | |
| Wind Rider | 6 | |
| Kodo Beast | 6 | |
51 total
» upgrades
| Well Spring | 1 | |
| Druid of the Talon Training | 2 | |
| Ultravision | 1 | |
| Strength of the Wild | 2 | |
| Corrosive Breath | 1 | |
| Mark of the Talon | 1 | |
| Reinforced Hides | 3 | |
11 total
» buildings
| Altar of Elders | 1 | |
| Moon Well | 9 | |
| Tree of Ages | 3 | |
| Tree of Eternity | 1 | |
| Ancient of Wind | 2 | |
| Hunter's Hall | 1 | |
| Chimaera Roost | 1 | |
18 total
» build order
00:08 Altar of Elders
00:13 Moon Well
01:17 Moon Well
03:00 Moon Well
04:44 Moon Well
05:31 Tree of Ages
05:31 Tree of Ages
06:41 Moon Well
06:59 Moon Well
08:18 Tree of Eternity
09:41 Moon Well
09:43 Moon Well
11:46 Chimaera Roost
13:09 Moon Well
» items
| Staff of Teleportation | 1 | |
| Boots of Speed | 1 | |
| Orb of Lightning | 1 | |
| Scroll of Town Portal | 1 | |
| Potion of Healing | 1 | |
| Potion of Mana | 1 | |
| Potion of Lesser Invulnerability | 2 | |
| Mechanical Critter | 1 | |
9 total
ohbamma (
green | 102 APM | 1729 actions | 17:00)
6 Blademaster
3 Wind Walk
2 Critical Strike
1 Bladestorm
1 Warden
1 Shadow Strike
» actions
| Assign group hotkey | 43 | |
| Basic commands | 2 | |
| Build / train | 71 | |
| ESC pressed | 1 | |
| Enter build submenu | 35 | |
| Enter hero's abilities submenu | 7 | |
| Give item / drop item | 7 | |
| Right click | 744 | |
| Select / deselect | 234 | |
| Select group hotkey | 362 | |
| Use ability | 223 | |
1729 total
» units
» upgrades
| Ranged Weapons | 3 | |
| Armor | 3 | |
| Liquid Fire | 1 | |
| Reinforced Defenses | 1 | |
8 total
» buildings
| Altar of Storms | 1 | |
| Orc Burrow | 11 | |
| War Mill | 1 | |
| Watch Tower | 15 | |
| Stronghold | 1 | |
| Voodoo Lounge | 1 | |
| Great Hall | 1 | |
| Fortress | 1 | |
| Beastiary | 5 | |
37 total
» build order
00:08 Altar of Storms
00:13 Orc Burrow
00:48 War Mill
01:30 Orc Burrow
02:01 Watch Tower
02:03 Watch Tower
02:14 Watch Tower
03:00 Watch Tower
03:03 Watch Tower
03:19 Watch Tower
04:00 Stronghold
04:03 Orc Burrow
04:08 Voodoo Lounge
04:36 Watch Tower
04:36 Watch Tower
05:21 Watch Tower
05:46 Watch Tower
05:52 Watch Tower
07:17 Great Hall
07:18 Fortress
07:20 Watch Tower
07:29 Watch Tower
07:32 Beastiary
07:32 Beastiary
07:33 Beastiary
08:07 Orc Burrow
08:13 Watch Tower
13:09 Beastiary
» items
| Lesser Clarity Potion | 6 | |
| Healing Salve | 4 | |
| Orb of Lightning | 1 | |
| Boots of Speed | 1 | |
| Staff of Teleportation | 1 | |
13 total
Chat log
(00:23 / All) 8.314: are you guys nerds?
(00:23 / Allies) ohbamma: prety sure ive run into ballinatl before
(00:27 / All) ShEsJuStALaDy: yes
(00:28 / All) 8.314: because we don't play against nerds
(00:32 / All) 8.314: sick
(00:33 / All) BaLLinATL: were big ones
(00:36 / All) BaLLinATL: with glasses
(00:39 / Allies) ohbamma: their stats suck
(00:42 / All) ShEsJuStALaDy: and fat
(00:50 / All) CeLeBoRn.: i masturbate 23 times a day
(00:52 / All) BaLLinATL: i have a pocket protector
(00:52 / All) ohbamma: u guys sound pretty cool actually
(01:27 / Allies) ohbamma: wood michael
(01:55 / Allies) 8.314: ]...
(01:57 / Allies) 8.314: they ping us
(02:00 / Allies) ohbamma: fuck it
(02:06 / Allies) ohbamma: send heros to towers aasap
(02:17 / Allies) ohbamma: dont ping or chat about hack
(02:32 / Allies) 8.314: wood gold
(02:38 / All) ShEsJuStALaDy: cute
(03:13 / Allies) ohbamma: share you noob
(03:27 / Allies) 8.314: wood
(03:39 / Allies) ohbamma: what the rfuck are you diiots doing with hyoure heros?
(04:03 / All) CeLeBoRn.: woooooooo
(04:38 / Allies) ohbamma: michael lure
(04:39 / Allies) ohbamma: tommy tech
(04:57 / Allies) braveharts: got em
(05:07 / Allies) ohbamma: tommy get morts on time
(05:14 / Allies) ohbamma: dont spam towers then ask for wood after they have 15 morts
(05:20 / Allies) 8.314: gold for tech
(05:27 / Allies) 8.314: gold for smithie
(05:44 / Allies) ohbamma: miochel lure right side
(06:02 / Allies) ohbamma: tomy expo left
(06:18 / Allies) braveharts: this is gonna be a mop up
(07:13 / Allies) 8.314: money
(07:25 / Allies) 8.314: wood
(07:49 / Allies) ohbamma: enemy bm low heltah sleft sded
(07:52 / Allies) 8.314: wood
(07:53 / Allies) ohbamma: wish i had toeleport
(08:01 / Allies) 8.314: nicht genugen
(08:13 / Allies) 8.314: more wood
(08:15 / Allies) 8.314: wood for morts
(08:23 / Allies) ohbamma: get morts before anything else
(08:24 / Allies) ohbamma: from now on
(08:35 / Allies) 8.314: theyre about as early as they come
(08:40 / Allies) 8.314: inless i tech sooner
(08:50 / Allies) 8.314: ud has siege
(08:51 / Allies) ohbamma: michael gold
(08:52 / Allies) 8.314: on their team
(09:34 / Allies) 8.314: i have five morts
(09:37 / Allies) 8.314: getting a blizzman
(09:40 / Allies) ohbamma: split em up
(09:41 / Allies) ohbamma: michaeel get a few more wells when u can
(09:57 / Allies) ohbamma: gold?
(10:01 / Allies) braveharts: sentyR
(10:02 / Allies) ohbamma: nvm
(10:06 / Allies) ohbamma: sentry
(10:33 / Allies) ohbamma: up ur morts
(13:06 / Allies) ohbamma: he onna try to batjuke me
(13:09 / Allies) 8.314: no
(13:11 / Allies) 8.314: i wouldnt
(13:26 / Allies) 8.314: the mines still have 3k each
(13:26 / Allies) braveharts: already cluster camping
(13:30 / Allies) ohbamma: u got 2 sorcs?
(13:30 / Allies) 8.314: i dont want to be on a perch vs hacks
(13:35 / Allies) 8.314: bi'
(13:37 / Allies) 8.314: no
(14:04 / Allies) braveharts: nuke a hero?
(14:10 / Allies) 8.314: getting 2 sorcs now
(14:10 / Allies) ohbamma: we woudlnty get it
(14:16 / Allies) ohbamma: cold arrows and light orb would rape us
(14:30 / Allies) 8.314: i will also make a prist so you can get rid of fairy fire
(14:33 / Allies) braveharts: theres a raccoon and a rabbit on each perch
(14:41 / Allies) ohbamma: lets perch now
(14:48 / Allies) ohbamma: just use archmage
(14:51 / Allies) ohbamma: dont bring units
(14:53 / All) BaLLinATL: lol
(14:58 / Allies) ohbamma: im going over now
(15:03 / Allies) ohbamma: they courld rape us like this
(15:04 / Allies) ohbamma: go over now
(15:05 / Allies) ohbamma: NOW
(15:06 / Allies) braveharts: gold plz
(17:27 / Allies) 8.314: or wait yore gone
(17:28 / Allies) 8.314: shit
(17:58 / Allies) braveharts: alex dced
(18:07 / Allies) 8.314: i know get ready to perch
(18:42 / Allies) braveharts: perch now
(18:45 / Allies) braveharts: now
(18:59 / Allies) 8.314: plant a bird
(19:09 / Allies) braveharts: u
(19:11 / Allies) braveharts: im bu
(19:14 / Allies) braveharts: ay
(19:17 / Allies) braveharts: busy
(19:25 / Allies) 8.314: do we have any chims
(21:27 / Allies) braveharts: left side
(21:30 / Allies) braveharts: send the major guns
(21:48 / Allies) 8.314: a counter perch
(21:51 / Allies) 8.314: what we odo
(22:05 / Allies) braveharts: leave dotts
(22:07 / All) braveharts: ))
(22:10 / All) braveharts: ))
(22:11 / All) braveharts: ^_^
(22:12 / All) braveharts: ))
(22:14 / All) braveharts: ^_^
(22:15 / All) braveharts: ))
(22:17 / All) braveharts: ^_^
(22:19 / All) braveharts: hjappy easerter
(22:19 / All) 8.314: xd
(22:43 / All) 8.314: NOOB HACKERS
(22:49 / All) 8.314: hacks do you no good
(22:55 / All) 8.314: when you are too noob to do anything anyway
(24:17 / Allies) braveharts: get some more reveal towers
(24:32 / Allies) braveharts: nvm
(24:33 / Allies) braveharts: flares fine
(27:09 / All) braveharts: THEY TOWERING
(27:14 / Allies) 8.314: where
(27:15 / All) braveharts: send heros downfield fast
(27:17 / All) braveharts: and go afk
(27:17 / All) ShEsJuStALaDy: phone
(27:19 / All) ShEsJuStALaDy: afk
(27:23 / All) ShEsJuStALaDy: :)
(27:34 / Allies) 8.314: should i tp my tanks down?
(27:39 / Allies) braveharts: in a minute
(28:01 / All) braveharts: whd ur fag bros leave
(28:04 / All) braveharts: just to sit in channel
(28:07 / All) braveharts: nd wait on u
(28:16 / All) braveharts: mouse failure
(28:18 / All) braveharts: mouse shit itslef
(28:31 / All) braveharts: still afk?
(28:32 / All) braveharts: nberd?
(30:47 / Allies) 8.314: bats
(30:49 / Allies) 8.314: iunc your bvats
(30:50 / Allies) braveharts: ensnare
(31:23 / Allies) 8.314: its almost like
(31:28 / Allies) 8.314: our opponents are worse every time
(31:33 / Allies) braveharts: we quit vs these clowns
(31:36 / Allies) braveharts: last time we faced them
(31:38 / Allies) braveharts: just because i knew he hacked
(31:42 / Allies) braveharts: we mised out
(31:46 / Allies) 8.314: really
(31:48 / Allies) braveharts: on a soft punching bag
(31:59 / All) braveharts: ping ping ping ping
(32:02 / All) braveharts: ping ping ping ping
(32:15 / Allies) 8.314: the burros asre fulll
(32:48 / Allies) 8.314: what happened to michaels warden?
(32:57 / Allies) braveharts: its afking
(33:18 / Allies) 8.314: btw i made more reveal towers on the pech
(33:29 / Allies) braveharts: the perch wont com into playt his game
(33:34 / Allies) 8.314: i know
(33:43 / Allies) 8.314: the more on the ball i am
(33:51 / Allies) 8.314: as i go through the steps of preparing to perch
(33:58 / Allies) 8.314: the more i know the enemy is a noob
(34:03 / Allies) 8.314: because htey arent interfereing
(35:18 / Allies) 8.314: if i cloud from the cliffs i might escape some of the wrath of the orbed heros
(35:43 / Allies) braveharts: just tp donw
(35:46 / Allies) braveharts: and lets win this on easy mode
(36:30 / All) braveharts: all hordes report to the siege
(36:56 / Allies) 8.314: going
(37:18 / All) braveharts: niggers
(37:21 / All) braveharts: hackers always lose
(37:24 / All) braveharts: to better hckers
(37:25 / All) braveharts: ))
(37:26 / All) braveharts: ^^_^